 Dungeon Crawl Stone Soup version 0.17.0-28-g6e173f8 (webtiles) character file.

84 gorblad the Firebug (level 4, -15/30 HPs)
             Began as a Demonspawn Fire Elementalist on Nov 30, 2015.
             Shot with an arrow by a centaur (16 damage)
             ... on level 3 of the Dungeon.
             The game lasted 00:07:53 (2356 turns).

gorblad the Firebug (Demonspawn Fire Elementalist)  Turns: 2356, Time: 00:07:54

Health: -15/30     AC:  2    Str:  9    XL:     4   Next: 24%
Magic:  5/8        EV: 12    Int: 17    God:
Gold:   96         SH:  0    Dex: 15    Spells: 1 memorised, 8 levels left

rFire  . . .     SeeInvis .     i - +0 short sword
rCold  . . .     Clarity  .     a - +0 robe
rNeg   . . .     SustAt   .     (no shield)
rPois  .         Gourm    .     (no helmet)
rElec  .         Spirit   .     (no cloak)
rCorr  .         Warding  .     (no gloves)
rMut   .         Stasis   .     (no boots)
MR     .....                    (no amulet)
Stlth  ++........               (no ring)
                                (no ring)

@: not resistant to hostile enchantments, unstealthy
A: thin skeletal structure 1, rot immunity
a: no special abilities


You were on level 3 of the Dungeon.
You were not hungry.

You visited 1 branch of the dungeon, and saw 3 of its levels.

You collected 96 gold pieces.

Inventory:

Hand Weapons
 g - a +0 club
 i - a +0 short sword (weapon)
 k - a +0 dagger
 p - a +2 falchion of slicing
Armour
 a - a +0 robe (worn)
Wands
 r - a wand of flame (34)
Scrolls
 d - a scroll of remove curse {unknown}
 h - a scroll of magic mapping {unknown}
 l - a scroll of identify {unknown}
 n - a scroll of noise {unknown}
 o - a scroll of enchant weapon {unknown}
Potions
 e - 2 potions of agility {unknown}
 j - 2 potions of mutation {unknown}
 m - a potion of resistance {unknown}
 s - a potion of flight {unknown}
Books
 b - a book of Flames

   Spells                             Type                      Level
   a - Flame Tongue                   Conjuration/Fire             1
   b - Throw Flame                    Conjuration/Fire             2
   c - Conjure Flame                  Conjuration/Fire             3
   d - Inner Flame                    Hexes/Fire                   3
   e - Sticky Flame                   Conjuration/Fire             4
   f - Fireball                       Conjuration/Fire             5
Comestibles
 c - 3 bread rations
 f - a chunk of flesh


   Skills:
 - Level 1.7 Dodging
 - Level 1.7 Stealth
 + Level 3.2 Spellcasting
 + Level 2.2 Conjurations
 + Level 3.3 Fire Magic


You had 8 spell levels left.
You knew the following spells:

 Your Spells              Type           Power        Failure   Level  Hunger
a - Flame Tongue          Conj/Fire      ##...        6%          1    None


Dungeon Overview and Level Annotations

Branches:
Dungeon (3/15)

Altars:


Innate Abilities, Weirdness & Mutations

You have a somewhat thin skeletal structure (Dex +2, Stealth).
You are immune to rotting.


Message History

You feel better.
The centaur shoots an arrow.
The arrow closely misses you.
The centaur shoots an arrow.
The arrow hits you!
* * * LOW HITPOINT WARNING * * *
Casting: Flame Tongue
Confirm with . or Enter, or press ? or * to list all spells.
Aiming: Flame Tongue
Press: ? - help, Shift-Dir - straight line, f/p - centaur
Aim: a centaur, wielding a shortbow (lightly wounded)
The flame tongue misses the centaur.
The centaur shoots an arrow.
The arrow closely misses you.
Casting: Flame Tongue
Confirm with . or Enter, or press ? or * to list all spells.
Aiming: Flame Tongue
Press: ? - help, Shift-Dir - straight line, f/p - centaur
Aim: a centaur, wielding a shortbow (lightly wounded)
The flame tongue hits the centaur.
The centaur is heavily wounded.
The centaur shoots an arrow.
The arrow hits you!
Ouch! That really hurt!
You die...

##.#..#.##.......###.#.##.#
#.##.#.##.......###......#
#.##.#.#######........####
#......#######÷#####..#
####.##....<.÷.#####..#
#.##.##.....(..##..#
#.......##..##.##..#
####.#####..##.(...# #.#
#.@((....##
#.....c.######## #########


You could see a centaur.

Vanquished Creatures
  2 adders (D:2)
  An ooze (D:2)
  4 worms
  4 orcs (D:3)
  2 giant cockroaches
  6 goblins
  8 hobgoblins
  2 jackals (D:1)
  5 kobolds
  A ball python (D:1)
  3 bats
  5 giant newts
  5 rats
48 creatures vanquished.

Notes
Turn   | Place    | Note
--------------------------------------------------------------
     0 | D:1      | gorblad the Demonspawn Fire Elementalist began the quest for the Orb.
     0 | D:1      | Reached XP level 1. HP: 13/13 MP: 3/3
   227 | D:1      | Gained mutation: You have a somewhat thin skeletal structure (Dex +2, Stealth). [demonic ancestry]
   227 | D:1      | Reached XP level 2. HP: 16/19 MP: 3/5
   615 | D:2      | Reached skill level 3 in Fire Magic
   615 | D:2      | Gained mutation: You are immune to rotting. [demonic ancestry]
   615 | D:2      | Reached XP level 3. HP: 13/24 MP: 4/7
  1873 | D:3      | Reached XP level 4. HP: 17/30 MP: 1/8
  2349 | D:3      | Noticed a centaur
  2354 | D:3      | HP: 1/30 [centaur/arrow (11)]
  2356 | D:3      | Shot with an arrow by a centaur

Action                   |  1- 3 |  4- 6 || total
-------------------------+-------+-------++-------
Melee: Unarmed           |     5 |       ||     5
       Club              |    10 |       ||    10
       Dagger            |    22 |       ||    22
       Short sword       |    15 |    16 ||    31
 Cast: Flame Tongue      |    62 |    22 ||    84
  Use: Potion            |     1 |     1 ||     2
 Stab: Sleeping          |       |     1 ||     1
  Eat: Chunk             |     3 |     2 ||     5
